 Dungeon Crawl Stone Soup version 0.16-a0-3625-g2624681 (webtiles) character file.

311 EdwardR the Shield-Bearer (level 6, -2/58 HPs)
             Began as a Minotaur Fighter on Jan 14, 2015.
             Slain by a gnoll
             ... wielding a +0 spear
              (6 damage)
             ... while paralysed
             ... on level 3 of the Dungeon.
             The game lasted 00:07:24 (1760 turns).

EdwardR the Shield-Bearer (Minotaur Fighter)        Turns: 1760, Time: 00:07:24

Health: -2/58      AC: 10    Str: 23      XL:     6   Next: 18%
Magic:  3/3        EV:  2    Int:  0 (3)  God:
Gold:   70         SH:  0    Dex:  9      Spells: 0 memorised, 5 levels left

rFire  . . .     SeeInvis .     a - +1 war axe
rCold  . . .     Clarity  .     b - +0 scale mail
rNeg   . . .     SustAb   .     c - +0 shield
rPois  .         Gourm    .     (helmet restricted)
rElec  .         Spirit   .     i - +0 cloak
rCorr  .         Warding  .     (no gloves)
rMut   .         Stasis   .     n - +1 pair of boots
MR     .....                    (no amulet)
Stlth  ..........               (no ring)
                                h - ring of teleport control

@: paralysed, lost intelligence, not resistant to hostile enchantments,
extremely unstealthy
A: retaliatory headbutt, horns 2, dopey 1, robust 1, evolution 1
a: Evoke Teleport Control


You were on level 3 of the Dungeon.
You were very full.

You visited 1 branch of the dungeon, and saw 3 of its levels.

You collected 70 gold pieces.

Inventory:

Hand weapons
 a - a +1 war axe (weapon)
Armour
 b - a +0 scale mail (worn)
 c - a +0 shield (worn)
 i - a +0 cloak (worn)
 n - a +1 pair of boots (worn)
Jewellery
 h - a ring of teleport control (left hand)
Magical devices
 s - a wand of draining (8)
Scrolls
 f - a scroll of fog
 l - 6 scrolls of identify
 m - a scroll of enchant armour
Potions
 e - 2 potions of might
 g - 2 potions of heal wounds {unknown}
 p - a potion of restore abilities
 r - a potion of curing {unknown}
 t - a potion of resistance {unknown}
Comestibles
 d - a bread ration
 j - a slice of pizza
 q - a beef jerky


   Skills:
 + Level 4.6 Fighting
 + Level 4.7 Axes
 + Level 4.6 Armour
 + Level 2.2 Dodging
 + Level 5.3 Shields


You had 5 spell levels left.
You didn't know any spells.

Dungeon Overview and Level Annotations

Branches:
Dungeon (3/15)

Altars:
Ru


Innate Abilities, Weirdness & Mutations

You reflexively headbutt those who attack you in melee.
You have a pair of horns on your head.
You are dopey. (Int -2)
You are robust (+10% HP).
You evolve.


Message History

The gnoll hits you from afar with a spear.
* * * LOW HITPOINT WARNING * * *
You block the gnoll's attack.
The gnoll hits you from afar with a spear.
* * * LOW HITPOINT WARNING * * *
Drink which item? (? for menu, Esc to quit)
It was a potion of mutation.
You feel extremely strange.
You feel nature experimenting on you.
Don't worry, failures die fast.
You feel robust.
You feel stupid. The hobgoblin barely misses you. You block the gnoll's attack.
The gnoll barely misses you.
Drink which item? (? for menu, Esc to quit)
It was a potion of degeneration.
There was something very wrong with that liquid.
You feel dopey.
You have lost your intelligence.
The hobgoblin hits you but does no damage.
The gnoll completely misses you. The gnoll hits you but does no damage.
The gnoll hits you from afar with a spear.
You die...

#####
###############...#
..............#...#
..............#)))#
).............##'##
...########....).#
...# #......#
...########....†@#
......(.....).##g#
.......(......#ggg#
.........((.(.#$$$#
###############$$$#
#####


You could see 3 gnolls and a hobgoblin.

Vanquished Creatures
  3 big kobolds (D:3)
  4 adders
  A worm (D:3)
  A giant gecko (D:3)
  3 ball pythons
  2 giant cockroaches
  3 goblins
  6 hobgoblins
  22 kobolds
  A quokka (D:2)
  6 bats
  A giant newt (D:3)
  3 rats
56 creatures vanquished.

Notes
Turn   | Place    | Note
--------------------------------------------------------------
     0 | D:1      | EdwardR, the Minotaur Fighter, began the quest for the Orb.
     0 | D:1      | Reached XP level 1. HP: 19/19 MP: 1/1
   188 | D:1      | Reached skill level 4 in Shields
   196 | D:1      | Reached XP level 2. HP: 22/27 MP: 1/1
   751 | D:2      | Reached XP level 3. HP: 29/33 MP: 2/2
   987 | D:2      | Found a sacrificial altar of Ru.
  1587 | D:3      | Reached XP level 4. HP: 40/40 MP: 2/2
  1741 | D:3      | Noticed a big kobold
  1741 | D:3      | Noticed a big kobold
  1741 | D:3      | Noticed a big kobold
  1747 | D:3      | Killed a big kobold
  1747 | D:3      | Reached skill level 1 in Dodging
  1747 | D:3      | Reached skill level 5 in Shields
  1747 | D:3      | Reached XP level 5. HP: 23/46 MP: 2/2
  1755 | D:3      | Killed a big kobold
  1757 | D:3      | Killed a big kobold
  1757 | D:3      | Reached XP level 6. HP: 9/53 MP: 3/3
  1758 | D:3      | Gained mutation: You evolve. [potion of mutation]
  1758 | D:3      | Gained mutation: You are robust (+10% HP). [potion of mutation]
  1758 | D:3      | Gained mutation: You are dopey. (Int -2) [potion of mutation]
  1759 | D:3      | Lost intelligence.
  1760 | D:3      | Slain by a gnoll

Action                   |  1- 3 |  4- 6 || total
-------------------------+-------+-------++-------
Melee: War axe           |    67 |    36 ||   103
  Use: Scroll            |     8 |       ||     8
       Potion            |       |     2 ||     2
  Eat: Meat ration       |     1 |       ||     1
       Bread ration      |     1 |       ||     1
